 Dungeon Crawl Stone Soup version 0.27.1-3-gb3d3a73c9e (webtiles) character file.

Game seed: 8382634187441675048

7 Descartes the Grasshopper (level 1, 0/7 HPs)
             Began as a Felid Wanderer on Oct 8, 2021.
             Slain by a quokka (4 damage)
             ... on level 1 of the Dungeon.
             The game lasted 00:00:53 (346 turns).

Descartes the Grasshopper (Felid Wanderer)           Turns: 346, Time: 00:00:53

Health: 0/7        AC:  1    Str:  8    XL:     1   Next: 83%
Magic:  0/3        EV: 15    Int: 13    God:
Gold:   6          SH:  0    Dex: 15    Spells: 1/2 levels left
                                        Lives:  0   Deaths: 0

rFire    . . .     SeeInvis +   (weapon unavailable)
rCold    . . .     Faith    .   (shield unavailable)
rNeg     . . .     Spirit   .   (armour unavailable)
rPois    .         Reflect  .   (helmet unavailable)
rElec    .         Harm     .   (cloak unavailable)
rCorr    .         Rampage  .   (gloves unavailable)
Will     .....                  (boots unavailable)
Stlth    ++........             (no amulet)
HPRegen  0.02/turn              (no ring)
MPRegen  0.08/turn              (no ring)

@: quick
A: very small, claws 1, fangs 3, see invisible, speed 1, shaggy fur 1, stealthy
paws, no weapons or thrown items, no armour, multi-lived
a: no special abilities


You were on level 1 of the Dungeon.
You visited 1 branch of the dungeon, and saw 1 of its levels.

You collected 6 gold pieces.

Inventory:

Scrolls
 a - 2 scrolls of teleportation


   Skills:
 + Level 0.6 Dodging
 + Level 0.7 Stealth
 + Level 0.3 Unarmed Combat
 - Level 1.0 Spellcasting
 - Level 3.0 Translocations
 - Level 2.6 Ice Magic
 * Level 2.1 Air Magic
 - Level 2.1 Evocations


You had one spell level left.
You knew the following spells:

 Your Spells              Type           Power      Damage    Failure   Level
a - Shock                 Conj/Air       12%        1d3       19%         1

Your spell library contained the following spells:

 Spells                   Type           Power      Damage    Failure   Level
 Static Discharge         Conj/Air       3%         N/A       28%         2
 Swiftness                Air            6%         N/A       34%         3
 Airstrike                Air            3%         N/A       75%         4


Dungeon Overview and Level Annotations

Branches:
Dungeon (1/15)

Altars:


Innate Abilities, Weirdness & Mutations

You have sharp claws.
You have razor-sharp teeth.
You have supernaturally acute eyesight. (SInv)
You cover ground quickly. (Speed+)
You are covered in fur. (AC +1)
Your paws help you pounce on unaware monsters.
You are incapable of wielding weapons or throwing items.
You cannot wear armour.
You gain extra lives every three experience levels.


Message History

The hobgoblin closely misses you.
Casting: Shock (safe; 19% risk of failure)
Confirm with . or Enter, or press ? or * to list all spells.
You don't have enough magic to cast this spell.
You closely miss the hobgoblin.
The hobgoblin is moderately wounded.
The hobgoblin barely misses you.
You scratch the hobgoblin.
The hobgoblin is almost dead.
The hobgoblin misses you.
You scratch the hobgoblin.
You kill the hobgoblin!
You closely miss the giant cockroach.
The giant cockroach bites you but does no damage.
The giant cockroach waves its antennae.
The giant cockroach closely misses you.
Your magical contamination has completely faded away.
You scratch the giant cockroach.
The giant cockroach is moderately wounded.
The giant cockroach closely misses you.
You scratch the giant cockroach.
You kill the giant cockroach!
Casting: Shock (safe; 19% risk of failure)
Confirm with . or Enter, or press ? or * to list all spells.
Aiming: Shock (safe; 19% risk of failure)
Press: ? - help, Shift-Dir - straight line The zap misses the quokka. x2
You scratch the quokka but do no damage.
The quokka barely misses you. The quokka bites you.
Ouch! That really hurt!
You closely miss the quokka. The quokka barely misses you.
You scratch the quokka but do no damage.
The quokka barely misses you.
You barely miss the quokka. Your bite misses the quokka.
The quokka closely misses you.
You scratch the quokka.
The quokka is heavily wounded.
The quokka bites you.
Ouch! That really hurt!
You die...

... # #. #.# #####.. #.
#.# ....$.# ##.# #.#
......# #...#
#.####......# #....
#.##.......^. ...
#.##†#.......
####.#.###.##r#.......
.............@#.....#r##
.###.#.###....####.###.
#.####...### #.#.
#.......)†.# #.#
######.>.#.####.# #
[....†........##.# #
###...##......##.# #
#..............# #
##..#######.#..# #


You could see a quokka.

Vanquished Creatures
  A giant cockroach (D:1)
  A goblin (D:1)
  A hobgoblin (D:1)
  2 ball pythons (D:1)
  A kobold (D:1)
  A rat (D:1)
7 creatures vanquished.

Notes
Turn   | Place    | Note
-------+----------+-------------------------------------------
     0 | D:1      | Descartes the Felid Wanderer began the quest for the Orb.
     0 | D:1      | Descartes set off with the following items: a scroll of
                  | teleportation; and the following spell memorised: Shock;
                  | and the following spells available to memorise: Static
                  | Discharge, Swiftness, Airstrike
     0 | D:1      | Reached XP level 1. HP: 7/7 MP: 3/3
   346 | D:1      | Slain by a quokka

Illustrated notes

Levels and vault maps discovered:
D:1:      dpeg_arrival_three_smaller_balls, layout_loops_ring

Skill      XL: |  1 |
---------------+----+-----
Air Magic      | 2 |  2.1
Dodging        | |  0.6
Stealth        | |  0.7
Unarmed Combat | |  0.3
Spellcasting   | |  1.0
Translocations | |  3.0
Ice Magic      | |  2.6
Evocations     | |  2.1

Action                   || total
-------------------------++-------
Melee: Unarmed           ||    13
       Bite              ||     1
 Cast: Shock             ||    13
Armor: Skin              ||     1
Dodge: Dodged            ||    11
